 Dungeon Crawl Stone Soup version 0.21-a0-442-g848f44b (webtiles) character file.

279 4thArraOfDagon the Cudgeler (level 6, -1/57 HPs)
             Began as an Ogre Enchanter on Nov 15, 2017.
             Was a Follower of Cheibriados.
             Slain by a sky beast (6 damage)
             ... on level 5 of the Dungeon.
             The game lasted 00:14:34 (2431 turns).

4thArraOfDagon the Cudgeler (Ogre Enchanter)        Turns: 2431, Time: 00:14:34

Health: -1/57      AC:  4    Str: 20    XL:     6   Next: 26%
Magic:  7/9        EV: 16    Int: 20    God:    Cheibriados [*.....]
Gold:   193        SH:  0    Dex: 20    Spells: 3/9 levels left

rFire    . . .     SeeInvis .   j - +0 morningstar
rCold    . . .     Gourm    .   (no shield)
rNeg     . . .     Faith    .   b - +0 robe
rPois    .         Spirit   .   (helmet restricted)
rElec    .         Reflect  .   n - +0 cloak
rCorr    +         Harm     .   (gloves unavailable)
MR       .....                  (boots unavailable)
Stlth    +++.......             (no amulet)
HPRegen  0.19/turn              p - +4 ring of dexterity
MPRegen  0.11/turn              e - ring of resist corrosion

@: mighty, agile, about to teleport, flying, hasted, quick
A: unfitting armour, tough skin 1
a: Bend Time, Renounce Religion


You were on level 5 of the Dungeon.
You worshipped Cheibriados.
Cheibriados was aware of your devotion.
You were not hungry.

You visited 1 branch of the dungeon, and saw 5 of its levels.

You collected 193 gold pieces.

Inventory:

Hand Weapons
 a - a +1 dagger
 g - a cursed -2 club
 j - a +0 morningstar (weapon)
 l - a +0 short sword of protection
Armour
 b - a +0 robe (worn)
 n - a +0 cloak (worn)
Jewellery
 e - a ring of resist corrosion (right hand)
 p - a +4 ring of dexterity (left hand)
Wands
 s - a wand of iceblast (11/15)
Scrolls
 i - a scroll of recharging {unknown}
 q - 2 scrolls of immolation {unknown}
 r - a scroll of noise {unknown}
 w - a scroll of remove curse
Potions
 h - a potion of might
Books
 c - a book of Maledictions

   Spells                             Type                      Level
   a - Corona                         Hexes                        1
   b - Ensorcelled Hibernation        Hexes/Ice                    2
   c - Confuse                        Hexes                        3
   d - Tukima's Dance                 Hexes                        3
   e - Dazzling Spray                 Conjuration/Hexes            3
Comestibles
 d - 5 bread rations
 f - 3 meat rations


   Skills:
 + Level 2.3 Fighting
 - Level 1.1 Short Blades
 * Level 4.2 Maces & Flails
 + Level 2.5 Dodging
 - Level 2.1 Stealth
 - Level 2.4 Spellcasting
 - Level 2.6 Hexes
 + Level 2.0 Invocations


You had 3 spell levels left.
You knew the following spells:

 Your Spells              Type           Power        Failure   Level  Hunger
a - Corona                Hex            ##.....      4%          1    #......
b - Ensorcelled Hibernat  Hex/Ice        #.....       13%         2    ##.....
c - Confuse               Hex            ##......     16%         3    ###....


Dungeon Overview and Level Annotations

Branches:
Dungeon (5/15)
 Temple: D:4-7

Altars:
Ashenzari
Cheibriados
Elyvilon
Makhleb

Shops:
D:4 %   D:5 =


Innate Abilities, Weirdness & Mutations

You are too large for most types of armour.
You have tough skin. (AC +1)


Message History

You feel better. The hound misses you. Something barely misses you.
The hound misses you.
Unknown command.
It was a potion of haste.
You feel yourself speed up.
Cheibriados forgives your accidental hurry, just this once.
The hound barely misses you. Something hits you.
* * * LOW HITPOINT WARNING * * *
Something shocks you.
* * * LOW HITPOINT WARNING * * *
Unknown command.
Okay, then.
As you read the scroll of teleportation, it crumbles to dust.
You feel strangely unstable. The hound bites you.
* * * LOW HITPOINT WARNING * * *
A sky beast appears from thin air!
Reactivating autopickup.
The sky beast hits you.
* * * LOW HITPOINT WARNING * * *
The sky beast shocks you.
You die...

## .# .. #.#
.# .. .. ..
.###. .o. #h#
#@# ##Y#
##..# .
##...####....
#...[≈..'.≈≈≈
#...)###.≈≈o≈
#....# .∩≈
#...## ≈
##.##


You could see a sky beast, a hound and an orc.

Vanquished Creatures
  A bullfrog (D:4)
  A howler monkey (D:4)
  Ijyb (D:4)
  An orc wizard (D:5)
  6 adders
  An adder skeleton (D:3)
  A worm (D:3)
  A dart slug (D:1)
  3 leopard geckos
  5 orcs (D:3)
  6 bats
  2 giant cockroaches
  9 goblins
  5 hobgoblins
  2 jackals
  5 kobolds
  2 quokkas (D:3)
  7 frilled lizards
  6 rats
65 creatures vanquished.

Notes
Turn   | Place    | Note
-------+----------+-------------------------------------------
     0 | D:1      | 4thArraOfDagon the Ogre Enchanter began the quest for the Orb.
     0 | D:1      | Reached XP level 1. HP: 16/16 MP: 3/3
    14 | D:1      | Reached skill level 1 in Short Blades
    82 | D:1      | Reached skill level 1 in Maces & Flails
    82 | D:1      | Reached XP level 2. HP: 2/24 MP: 5/5
    97 | D:1      | Learned a level 2 spell: Ensorcelled Hibernation
   288 | D:2      | :O
   329 | D:2      | HP: 1/24 [goblin/stone (6)]
   340 | D:2      | HP: 1/36 [goblin/stone (1)]
   345 | D:2      | Reached skill level 2 in Maces & Flails
   425 | D:2      | Reached XP level 3. HP: 10/31 MP: 3/6
   594 | D:3      | Learned a level 3 spell: Confuse
   712 | D:3      | Found a white marble altar of Elyvilon.
   850 | D:3      | :O
   865 | D:3      | Found a snail-covered altar of Cheibriados.
   871 | D:3      | Became a worshipper of Cheibriados the Contemplative
  1029 | D:1      | Reached skill level 3 in Maces & Flails
  1044 | D:1      | Reached XP level 4. HP: 37/39 MP: 7/7
  1666 | D:3      | Reached * piety under Cheibriados
  1699 | D:3      | Reached skill level 1 in Fighting
  1750 | D:3      | Reached XP level 5. HP: 9/48 MP: 1/8
  1824 | D:4      | Found a shattered altar of Ashenzari.
  1846 | D:4      | Reached skill level 1 in Invocations
  1933 | D:4      | Noticed Ijyb
  1949 | D:4      | Killed Ijyb
  2032 | D:4      | Found Engit's Food Emporium.
  2086 | D:5      | Entered Level 5 of the Dungeon
  2097 | D:5      | Noticed a sky beast
  2152 | D:4      | Found a burning altar of Makhleb.
  2170 | D:4      | Reached skill level 4 in Maces & Flails
  2170 | D:4      | Reached XP level 6. HP: 28/57 MP: 2/9
  2322 | D:4      | p0werm0de: https://www.mixcloud.com/SaidTayebi/episode-001-trip-to-kazantip/
  2338 | D:5      | p0werm0de: sup
  2343 | D:5      | Noticed a phantom
  2352 | D:4      | Sergey: hello
  2386 | D:5      | Found Myhuasse's Jewellery Boutique.
  2431 | D:5      | Slain by a sky beast

Vault maps used:
D:1:      dpeg_arrival_pits
D:2:      minmay_misc_feat_four_crosses
D:3:      elyvilon_altar_5, cheibriados_altar_1
D:4:      nicolae_overflow_crystal_walls, bloody_makhleb, serial_shops, shop,
          small_statue_intersection, ashenzari_altar_1, uniq_ijyb
D:5:      grunt_dithmenos_shadows, first_bread, serial_shops,
          nicolae_shop_waterfront, minivault_25, hangedman_decor_growths,
          grunt_decor_mini_mirrors, hangedman_glass_teeth,
          kennysheep_generic_room_12

Skill      XL: |  1  2  3  4  5  6 |
---------------+-------------------+-----
Short Blades   | 1 |  1.1
Maces & Flails | 1 2 3 4 |  4.2
Dodging        | 2 |  2.5
Fighting       | 1 2 |  2.3
Invocations    | 1 2 |  2.0
Stealth        | |  2.1
Spellcasting   | |  2.4
Hexes          | |  2.6

Action                   |  1- 3 |  4- 6 || total
-------------------------+-------+-------++-------
Melee: Dagger            |    67 |    44 ||   111
       Morningstar       |    55 |    81 ||   136
       Short sword       |     8 |       ||     8
 Cast: Corona            |     4 |     5 ||     9
       Ensorcelled Hiber |    24 |    28 ||    52
       Confuse           |       |     2 ||     2
  Use: Potion            |     2 |     8 ||    10
       Scroll            |     3 |     4 ||     7
 Stab: Sleeping          |    12 |    17 ||    29
       Confused          |       |     1 ||     1
  Eat: Fruit             |     4 |       ||     4
       Chunk             |     2 |     4 ||     6
Armor: Robe              |    38 |    59 ||    97
       Skin              |     7 |       ||     7
Dodge: Dodged            |    86 |    99 ||   185

Table legend:
 A = Spawn XP
 B = Non-spawn XP
 C = Spawn XP percentage of total XP
 D = Spawn monster count
 E = Non-spawn monster count
 F = Spawn count percentage of total count
 G = Total turns spent on level
                    A         B        C        D         E        F      G
               +---------+---------+-------+---------+---------+-------+---------
         Total |       0 |     399 |   0.0 |       0 |      65 |   0.0 |  2431
               +---------+---------+-------+---------+---------+-------+---------
           D:1 |       0 |      36 |   0.0 |       0 |      20 |   0.0 |   615
           D:2 |       0 |      56 |   0.0 |       0 |      13 |   0.0 |   524
           D:3 |       0 |      76 |   0.0 |       0 |      25 |   0.0 |   728
           D:4 |       0 |     194 |   0.0 |       0 |       5 |   0.0 |   488
           D:5 |       0 |      37 |   0.0 |       0 |       2 |   0.0 |    76
               +---------+---------+-------+---------+---------+-------+---------
